 Dungeon Crawl Stone Soup version 0.28.0-1-gb440e238dd (webtiles) character file.

Game seed: 11555236434842234298

514 Hasart the Skirmisher (level 7, -2/75 HPs)
             Began as an Ogre Berserker on Feb 19, 2022.
             Was a Believer of Trog.
             Slain by a gnoll (5 damage)
             ... on level 4 of the Dungeon.
             The game lasted 00:04:16 (3540 turns).

Hasart the Skirmisher (Ogre Berserker)              Turns: 3540, Time: 00:04:16

Health: -2/75      AC:  3    Str: 24    XL:     7   Next: 20%
Magic:  7/7        EV: 10    Int:  8    God:    Trog [**....]
Gold:   107        SH:  0    Dex:  8    Spells: 6/6 levels left

rFire   . . .      SeeInvis .   a - +0 hand axe
rCold   . . .      Faith    .   (no shield)
rNeg    . . .      Spirit   .   b - +0 animal skin
rPois   .          Reflect  .   (helmet restricted)
rElec   .          Harm     .   (no cloak)
rCorr   .          Rampage  .   (gloves unavailable)
Will    .....                   (boots unavailable)
Stlth   +.........              (no amulet)
HPRegen 0.22/turn               (no ring)
MPRegen 0.10/turn               (no ring)

@: on berserk cooldown, slowed, very slow
A: large, unfitting armour, tough skin 1
a: Renounce Religion, Berserk, Trog's Hand


You were on level 4 of the Dungeon.
You worshipped Trog.
Trog was pleased with you.
You visited 1 branch of the dungeon, and saw 4 of its levels.

You collected 107 gold pieces.

Inventory:

Hand Weapons
 a - a +0 hand axe (weapon)
Armour
 b - a +0 animal skin (worn)
Scrolls
 c - 2 scrolls of noise {unknown}
 e - a scroll of magic mapping {unknown}
 f - 3 scrolls of identify {unknown}
 k - a scroll of blinking {unknown}
 l - a scroll of enchant weapon {unknown}
Potions
 d - a potion of magic {unknown}
 g - a potion of brilliance {unknown}
 i - a potion of flight {unknown}
 j - a potion of berserk rage {unknown}


   Skills:
 + Level 6.2 Fighting
 * Level 6.0 Axes
 + Level 4.3 Dodging


You had 6 spell levels left.
You didn't know any spells.
Your spell library was empty.

Dungeon Overview and Level Annotations

Branches:
Dungeon (4/15)             Temple (0/1) D:4

Altars:
Okawaru

Shops:
D:1 :   D:2 ?


Innate Abilities, Weirdness & Mutations

You are too large for most types of armour.
You have tough skin. (AC +1)


Message History

The gnoll hits you from afar with a +0 spear!
* * * LOW HITPOINT WARNING * * *
The gnoll completely misses you. The orc misses you.
The gnoll hits you with a +0 spear.
* * * LOW HITPOINT WARNING * * *
Unknown command.
Okay, then.
It was a potion of curing.
You feel better. The gnoll hits you with a +0 whip.
* * * LOW HITPOINT WARNING * * *
The gnoll hits you but does no damage. The gnoll closely misses you.
The orc hits you with a +0 hand axe.
* * * LOW HITPOINT WARNING * * *
The gnoll barely misses you. The gnoll hits you with a +0 whip.
* * * LOW HITPOINT WARNING * * *
The gnoll hits you but does no damage.
The gnoll hits you with a +1 whip of venom.
* * * LOW HITPOINT WARNING * * *
You are lethally poisoned!
Unknown command.
Unknown command.
You feel better. The orc closely misses you. The gnoll closely misses you.
The gnoll misses you.
The gnoll hits you from afar with a +0 spear.
* * * LOW HITPOINT WARNING * * *
The gnoll barely misses you. The orc barely misses you.
The gnoll barely misses you.
Unknown command.
Unknown command.
Unknown command.
The gnoll hits you from afar with a +0 spear.
* * * LOW HITPOINT WARNING * * *
The gnoll hits you with a +0 whip.
* * * LOW HITPOINT WARNING * * *
Unknown command.
Found a stone staircase leading up.
The orc misses you. The gnoll closely misses you.
Unknown command.
The gnoll closely misses you. x2
The gnoll hits you from afar with a +0 spear.
You die...

..#P############.##
.##.....................
.P#.....................
........................
###.....................
#............)........
#.....................
#.....................
#............g@.......
#............og.......
#...........g.g.......
...........)).........
....................<.
.....................
....................
...................
..................


You could see 4 gnolls and an orc.

Vanquished Creatures
  2 phantoms
  A scorpion (D:4)
  A water moccasin skeleton (D:3)
  A hound (D:3)
  2 orc wizards (D:3)
  An iguana (D:4)
  3 gnolls (D:3)
  7 adders
  A worm (D:2)
  5 orcs
  A ball python (D:1)
  7 endoplasms
  3 giant cockroaches
  8 goblins
  4 hobgoblins
  2 kobolds (D:3)
  3 quokkas
  6 bats
  2 frilled lizards
  3 rats
63 creatures vanquished.

Vanquished Creatures (others)
  A plant (D:2)
1 creature vanquished.

Grand Total: 64 creatures vanquished

Notes
Turn   | Place    | Note
-------+----------+-------------------------------------------
     0 | D:1      | Hasart the Ogre Berserker began the quest for the Orb.
     0 | D:1      | Reached XP level 1. HP: 24/24 MP: 1/1
   111 | D:1      | Reached XP level 2. HP: 18/32 MP: 2/2
   389 | D:1      | Found Niafoitt's Book Boutique.
   478 | D:1      | You fall into a shaft and drop 1 floor!
   502 | D:2      | Reached XP level 3. HP: 11/40 MP: 3/3
   975 | D:2      | Found a faded altar of an unknown god.
  1330 | D:2      | Reached ** piety under Trog
  1361 | D:2      | Found Gunuit's Magic Scroll Emporium.
  1406 | D:2      | Noticed a phantom
  1414 | D:2      | Killed a phantom
  1415 | D:2      | Reached skill level 5 in Fighting
  1415 | D:2      | Reached XP level 4. HP: 49/50 MP: 4/4
  1415 | D:2      | Reached XP level 5. HP: 55/57 MP: 5/5
  1930 | D:3      | Reached skill level 5 in Axes
  1934 | D:3      | Reached XP level 6. HP: 66/66 MP: 6/6
  2586 | D:3      | Found an iron altar of Okawaru.
  3206 | D:4      | Reached XP level 7. HP: 15/75 MP: 7/7
  3499 | D:4      | Found a staircase to the Ecumenical Temple.
  3538 | D:4      | HP: 2/75 [gnoll (3)]
  3540 | D:4      | Slain by a gnoll

Illustrated notes

Levels and vault maps discovered:
D:1:      lightli_arrival_chessboard, layout_basic, serial_shops,
          nicolae_shop_advertising_works [nicolae_subvault_shop_adworks],
          grunt_decor_cap
D:2:      layout_basic, serial_shops, shop,
          shapermc_ecumenical_altar_mp_ritualfount
D:3:      layout_basic, marbit_many_paths, grunt_decor_mini_mirrors,
          minmay_statues_item
D:4:      layout_basic, mainiacjoe_overflow_cross_hatched,
          lemuel_zombie_altar_yredelemnul, minmay_temple_entry_gardened_gates

Skill      XL: |  1  2  3  4  5  6  7 |
---------------+----------------------+-----
Dodging        | 3 4 |  4.3
Fighting       | 5 6 |  6.2
Axes           | 4 5 6 |  6.0

Action                   |  1- 3 |  4- 6 |  7- 9 || total
-------------------------+-------+-------+-------++-------
Melee: Hand axe          |   108 |   138 |     9 ||   255
       Punch             |     1 |       |       ||     1
Invok: Berserk           |     2 |     1 |     1 ||     4
  Use: Potion            |       |       |     2 ||     2
Armor: Animal skin       |    38 |    29 |     4 ||    71
Dodge: Dodged            |    64 |    72 |    22 ||   158
